 Dungeon Crawl Stone Soup version 0.27-a0-906-g0a00ce863d (webtiles) character file.

Game seed: 2019845183062881387

16 DarkShadow the Covered (level 2, -4/27 HPs)
             Began as a Minotaur Fighter on Apr 7, 2021.
             Slain by a black bear (7 damage)
             ... on level 2 of the Dungeon.
             The game lasted 00:00:56 (694 turns).

DarkShadow the Covered (Minotaur Fighter)            Turns: 694, Time: 00:00:57

Health: -4/27      AC:  7    Str: 20    XL:     2   Next: 41%
Magic:  1/1        EV:  7    Int:  5    God:
Gold:   3          SH:  9    Dex:  9    Spells: 1/1 levels left

rFire    . . .     SeeInvis .   a - +0 war axe
rCold    . . .     Faith    .   c - +0 kite shield
rNeg     . . .     Spirit   .   b - +0 scale mail
rPois    .         Reflect  .   (helmet restricted)
rElec    .         Harm     .   (no cloak)
rCorr    .         Rampage  .   (no gloves)
Will     .....                  (no boots)
Stlth    ..........             (no amulet)
HPRegen  0.09/turn              (no ring)
MPRegen  0.07/turn              (no ring)

@: no status effects
A: horns 2, retaliatory headbutt
a: no special abilities


You were on level 2 of the Dungeon.
You visited 1 branch of the dungeon, and saw 2 of its levels.

You collected 3 gold pieces.

Inventory:

Hand Weapons
 a - a +0 war axe (weapon)
Armour
 b - a +0 scale mail (worn)
 c - a +0 kite shield (worn)
Scrolls
 e - 3 scrolls of identify {unknown}
 g - a scroll of enchant armour {unknown}
Potions
 d - a potion of might
 f - a potion of invisibility {unknown}
 h - a potion of degeneration {unknown}


   Skills:
 + Level 3.8 Fighting
 + Level 2.7 Axes
 + Level 4.0 Armour
 + Level 0.4 Dodging
 + Level 3.7 Shields


You had one spell level left.
You didn't know any spells.
Your spell library was empty.

Dungeon Overview and Level Annotations

Branches:
Dungeon (2/15)

Altars:


Innate Abilities, Weirdness & Mutations

You have a pair of horns on your head.
You reflexively headbutt those who attack you in melee.


Message History

The kobold is severely wounded.
You hit the black bear.
The black bear bites you but does no damage.
The black bear closely misses you. The black bear barely misses you.
You block the kobold's attack. The kobold hits you but does no damage.
The black bear bites you.
The black bear claws you but does no damage. x2
You slash the kobold!
You kill the kobold!
You hit the black bear but do no damage.
The black bear barely misses you. The black bear completely misses you.
The black bear claws you but does no damage.
The black bear bites you but does no damage.
You block the black bear's attack. The black bear completely misses you.
You see here a +0 short sword.
The black bear bites you but does no damage.
The black bear closely misses you.
The black bear claws you but does no damage.
You hit the black bear.
The black bear is severely wounded.
The black bear goes berserk!
The black bear barely misses you.
The black bear claws you but does no damage.
You block the black bear's attack.
You closely miss the black bear. You headbutt the black bear.
The black bear is almost dead.
The black bear bites you but does no damage.
The black bear barely misses you. You block the black bear's attack.
The black bear barely misses you. The black bear claws you.
The black bear claws you but does no damage.
You hit the black bear. Your headbutt misses the black bear.
The black bear is almost dead.
The black bear bites you!
* * * LOW HITPOINT WARNING * * *
You block the black bear's attack.
The black bear claws you but does no damage.
The black bear bites you.
* * * LOW HITPOINT WARNING * * *
The black bear claws you but does no damage. x2
The black bear bites you!
You die...

...###.### ..#
#........# ..#
#..#.....##...
#.........#$.
#.........)# #
#..........#.##.
#(.....!.......
.####....)h@..<....
............#.>....
#####.#............
#.#.###.#?.....
#.... #########
#..... ##..(##
##.## #.#


You could see a black bear (berserk).

Vanquished Creatures
  An endoplasm (D:1)
  2 giant cockroaches (D:1)
  2 hobgoblins (D:1)
  A jackal (D:1)
  2 kobolds
  2 quokkas (D:1)
  A frilled lizard (D:1)
  A goblin (D:1)
  2 rats (D:1)
14 creatures vanquished.

Notes
Turn   | Place    | Note
-------+----------+-------------------------------------------
     0 | D:1      | DarkShadow the Minotaur Fighter began the quest for the
                  | Orb.
     0 | D:1      | Reached XP level 1. HP: 19/19 MP: 0/0
   403 | D:1      | Reached XP level 2. HP: 27/27 MP: 1/1
   675 | D:1      | Reached skill level 4 in Armour
   676 | D:1      | You fall into a shaft and drop 1 floor!
   676 | D:2      | Noticed a black bear
   694 | D:2      | Slain by a black bear

Illustrated notes

Levels and vault maps discovered:
D:1:      evilmike_arrival_rings, layout_loops_ring,
          ebering_dispersal_statue_hall, hangedman_decor_push,
          roderic_serpentine_path, hex_medium, minmay_misc_feat_square
D:2:      layout_loops_ring, uniq_crazy_yiuf_cottage

Skill      XL: |  1  2 |
---------------+-------+-----
Armour         | 4 |  4.0
Fighting       | |  3.8
Axes           | |  2.7
Dodging        | |  0.4
Shields        | |  3.7

Action                   || total
-------------------------++-------
Melee: War axe           ||    25
       Headbutt          ||     6
Armor: Scale mail        ||    30
Dodge: Dodged            ||    19
Block: Kite shield       ||    24

Table legend: (Time is in decaauts)
 A = Elapsed time spent in this place.
 B = Non-inter-level travel time spent in this place.
 C = Inter-level travel time spent in this place.
 D = Time resting spent in this place.
 E = Time spent auto-exploring this place.
 F = Levels seen in this place.
 G = Mean time per level.
                   A        B        C        D        E       F      G
               +--------+--------+--------+--------+--------+-----+--------+
         Total |    708 |    708 |      0 |      0 |    595 |   2 |  354.0 |
       Dungeon |    708 |    708 |      0 |      0 |    595 |   2 |  354.0 |
               +--------+--------+--------+--------+--------+-----+--------+

Top non-repeatable levels by time:
     D:1: 686 daAuts
     D:2: 22 daAuts
